 Dungeon Crawl Stone Soup version 0.31.0-4-g52a2dc7128 (webtiles) character file.

Game seed: 16766518014273955489

1425 palmiacitizen the Sneak (level 8, 74/74 HPs)
             Began as a Naga Hunter on Jan 21, 2024.
             Was an Initiate of Gozag.
             Quit the game on level 7 of the Dungeon.
             The game lasted 00:14:16 (4315 turns).

palmiacitizen the Sneak (Naga Hunter)               Turns: 4315, Time: 00:14:16

Health: 74/74      AC:  4    Str: 13    XL:     8   Next: 72%
Magic:  8/8        EV: 11    Int:  8    God:    Gozag
Gold:   348        SH:  0    Dex: 21    Spells: 7/7 levels left

rFire   . . .        a - +1 shortbow
rCold   . . .        (shield currently unavailable)
rNeg    . . .        c - +0 leather armour
rPois   +            (no helmet)
rElec   +            (no cloak)
rCorr   .            (no gloves)
SInv    +            (no barding)
Will    +....        d - amulet of the Air {Inacc Air Fly rElec RMsl}
Stlth   ++++         (no ring)
HPRegen 1.12/turn    (no ring)
MPRegen 0.11/turn

%: inaccuracy (-5), repel missiles
@: flying, very slow
A: AC +2, large, see invisible, deformed body, poison resistance, slowness 2,
spit poison 1, naga tail 1, agile 1, mutation resistance 1, regeneration 1
a: Spit Poison, Renounce Religion, Potion Petition, Call Merchant, Bribe Branch


You were on level 7 of the Dungeon.
You worshipped Gozag.
Gozag was aware of your devotion.
You visited 1 branch of the dungeon, and saw 7 of its levels.

You collected 435 gold pieces.
You paid 87 gold pieces to Gozag.

Inventory:

Hand Weapons
 a - a +1 shortbow (weapon)
Armour
 c - a +0 leather armour (worn)
Jewellery
 d - the amulet of the Air (around neck) {Inacc Air Fly rElec RMsl}
   (You found it on level 3 of the Dungeon)

   [amulet of nothing]

   Inacc:     It reduces the accuracy of your attacks and spells.
   Air:       It enhances your air magic.
   rElec:     It insulates you from electricity.
   Fly:       It grants you flight.
   RMsl:      It protects you from missiles.
 f - a ring of wizardry
 k - a ring of fire
 l - a +6 ring of strength
Talismans
 m - a blade talisman
Wands
 i - a wand of roots (5)
Scrolls
 b - a scroll of butterflies
 e - 3 scrolls of teleportation
 h - a scroll of enchant armour
 j - a scroll of identify
 o - a scroll of fog {unknown}
Potions
 g - a potion of resistance
 n - a potion of invisibility


   Skills:
 + Level 5.0 Fighting
 * Level 7.1 Ranged Weapons
 + Level 4.1 Dodging
 + Level 7.4 Stealth


You had 7 spell levels left.
You didn't know any spells.
Your spell library contained the following spells:

 Spells                   Type           Power      Damage    Failure   Level
 Call Canine Familiar     Summ           0%         N/A       86%         3
 Sigil of Binding         Hex            0%         N/A       86%         3
 Dimensional Bullseye     Hex/Tloc       0%         N/A       99%         4


Dungeon Overview and Level Annotations

Branches:
Dungeon (7/15)
 Temple: D:4-7

Altars:
Gozag
Uskayaw

Annotations:
D:4 2 transporters


Innate Abilities, Weirdness & Mutations

Your serpentine skin is tough. (AC +2)
You have supernaturally acute eyesight. (SInv)
Armour fits poorly on your strangely shaped body.
Your system is resistant to poisons. (rPois)
You cover ground very slowly.
You can spit poison.
You have a snake-like lower body.
You are agile. (Dex +4, Str/Int -1)
You are somewhat resistant to further mutation.
Your natural rate of healing is unusually fast.


Message History

You kill the ice beast!
Your Fighting skill increases to level 5!
Your Ranged Weapons skill increases to level 7!
Your Dodging skill increases to level 4!
You start resting.
HP restored.
You now have 344 gold pieces (gained 23).
Found an escape hatch in the floor.
Done exploring.
Done exploring.
There is a stone staircase leading down here.
As you read the scroll of identify, it crumbles to dust.
n - a potion of invisibility You fly downwards.
Found a scroll labelled TAUJIN HAMOCK and 6 stones.
Found a stone staircase leading down.
There is a stone staircase leading up here.
Found a chain mail.
A scorpion comes into view.
You shoot an arrow. The arrow hits the scorpion!
The scorpion is heavily wounded.
You shoot an arrow. The arrow closely misses the scorpion.
You shoot an arrow. The arrow closely misses the scorpion.
You shoot an arrow. The arrow hits the scorpion.
The scorpion is heavily wounded.
You shoot an arrow. The arrow closely misses the scorpion.
The scorpion stings you!
You shoot an arrow. The arrow hits the scorpion!
The scorpion is almost dead.
The scorpion barely misses you.
You shoot an arrow. The arrow barely misses the scorpion.
The scorpion misses you.
You shoot an arrow. The arrow closely misses the scorpion.
The scorpion stings you.
You shoot an arrow. The arrow hits the scorpion!
You kill the scorpion!
o - a scroll labelled TAUJIN HAMOCK You now have 348 gold pieces (gained 4).
There is a stone staircase leading up here.
Are you sure you want to abandon this character and quit the game? (Confirm with "yes".)

## ### ##..#
####@##......
##......##....
####.............
##........#.......
#.............>...
##................
#.............##.
#........(....#
###.........[##


There were no monsters in sight!

Vanquished Creatures
  A shadow (D:6)
  A steam dragon (D:6)
  2 water moccasins (D:5)
  An ice beast (D:6)
  A black bear (D:5)
  A phantom (D:5)
  A bullfrog (D:5)
  2 scorpions
  A howler monkey (D:6)
  3 hounds
  A bombardier beetle (D:5)
  An orc priest (D:3)
  A sleepcap (D:5)
  4 iguanas
  2 orc wizards (D:4)
  4 adders
  3 dart slugs (D:2)
  A ribbon worm (D:3)
  11 orcs
  4 ball pythons
  3 endoplasms
  2 giant cockroaches (D:1)
  10 goblins
  6 hobgoblins
  7 jackals
  7 kobolds
  A quokka (D:1)
  5 bats
  3 frilled lizards
  10 rats
100 creatures vanquished.

Notes
Turn   | Place    | Note
-------+----------+-------------------------------------------
     0 | D:1      | palmiacitizen the Naga Hunter began the quest for the Orb.
     0 | D:1      | Reached XP level 1. HP: 19/19 MP: 1/1
   131 | D:1      | Reached XP level 2. HP: 26/26 MP: 2/2
   683 | D:1      | Reached XP level 3. HP: 27/32 MP: 3/3
  1253 | D:2      | Reached XP level 4. HP: 13/40 MP: 4/4
  1429 | D:3      | Found the amulet of the Air {Inacc Air Fly rElec RMsl}
  1913 | D:4      | Reached XP level 5. HP: 32/48 MP: 5/5
  1973 | D:4      | Found a transporter.
  1984 | D:4      | Found a transporter.
  2383 | D:4      | Gained mutation: You are agile. (Dex +4, Str/Int -1)
                  | [potion of mutation]
  2383 | D:4      | Gained mutation: You are somewhat resistant to further
                  | mutation. [potion of mutation]
  2383 | D:4      | Gained mutation: Your natural rate of healing is unusually
                  | fast. [potion of mutation]
  2790 | D:5      | Entered Level 5 of the Dungeon
  2800 | D:4      | Reached XP level 6. HP: 22/56 MP: 6/6
  2848 | D:5      | Reached skill level 5 in Ranged Weapons
  2871 | D:5      | Noticed a water moccasin
  2891 | D:5      | Killed a water moccasin
  2903 | D:5      | Reached skill level 5 in Stealth
  2903 | D:5      | Reached XP level 7. HP: 48/63 MP: 7/7
  3203 | D:5      | HP: 2/64 [iguana (10)]
  3384 | D:5      | Found an opulent altar of Gozag.
  3385 | D:5      | Found a hide-covered altar of Uskayaw.
  3388 | D:5      | Became a worshipper of Gozag Ym Sagoz the Greedy
  3492 | D:5      | Reached XP level 8. HP: 12/73 MP: 8/8
  3794 | D:6      | Noticed a shadow
  3805 | D:6      | Killed a shadow
  4172 | D:6      | Reached skill level 5 in Fighting
  4315 | D:7      | Quit the game

Illustrated notes

Levels and vault maps discovered:
D:1:      minmay_arrival_checkered_box, layout_basic
D:2:      layout_basic, minmay_close_crescents
D:3:      layout_rooms
D:4:      gammafunk_steamed_eel, layout_loops_ring
D:5:      layout_basic, mainiacjoe_overflow_divided_tiny,
          kennysheep_windowed_goal
D:6:      layout_basic
D:7:      layout_cave_pools, minmay_temple_entry_large_hall, minmay_the_grid_2x2
          [minmay_the_grid_x, minmay_the_grid_tiny_cups, minmay_the_grid_mess,
          minmay_the_grid_prize_four_corners]

Skill      XL: |  1  2  3  4  5  6  7  8 |
---------------+-------------------------+-----
Stealth        | 2 3 4 5 6 7 |  7.4
Ranged Weapons | 4 5 6 7 |  7.1
Dodging        | 2 3 4 |  4.1
Fighting       | 3 4 5 |  5.0

Action                     |  1- 3 |  4- 6 |  7- 9 || total
---------------------------+-------+-------+-------++-------
   Fire: Shortbow          |   114 |   185 |   173 ||   472
Ability: Spit Poison       |     7 |    10 |     8 ||    25
    Use: Scroll            |     1 |     6 |     3 ||    10
         Potion            |       |     3 |     3 ||     6
 Armour: Leather armour    |    34 |    71 |    87 ||   192
         Skin              |       |    24 |    16 ||    40
  Dodge: Dodged            |    29 |    52 |    52 ||   133
         Repelled          |       |     2 |       ||     2
